 Seeded DCSS version 0.29.1-4-g47bece8355 (webtiles) character file.

Game seed: 17279138209292463285 (custom seed)

350 GigaChad the Covered (level 6, -1/49 (53) HPs)
             Began as a Minotaur Fighter on Dec 5, 2022.
             Killed by nerve-wracking pain
             ... invoked by an orc priest
              (11 damage)
             ... on level 4 of the Dungeon.
             The game lasted 00:03:26 (2970 turns).

GigaChad the Covered (Minotaur Fighter)             Turns: 2970, Time: 00:03:27

HP:   -1/49 (53)    AC:  8    Str: 30    XL:     6   Next: 33%
MP:   5/5           EV: 10    Int:  5    God:
Gold: 117           SH:  4    Dex:  9    Spells: 5/5 levels left

rFire   . . .      SeeInvis .   a - +0 war axe
rCold   . . .      Faith    .   c - +0 buckler
rNeg    . . .      Spirit   .   b - +0 scale mail
rPois   +          Reflect  .   (helmet restricted)
rElec   .          Harm     .   h - +0 cloak
rCorr   +          Rampage  .   (no gloves)
Will    .....                   (no boots)
Stlth   ..........              (no amulet)
HPRegen 0.16/turn               l - ring of Daluixenk {rPois rCorr Str+7}
MPRegen 0.09/turn               (no ring)

@: drained
A: horns 2, retaliatory headbutt
a: no special abilities


You were on level 4 of the Dungeon.
You visited 1 branch of the dungeon, and saw 4 of its levels.

You collected 117 gold pieces.

Inventory:

Hand Weapons
 a - a +0 war axe (weapon)
Armour
 b - a +0 scale mail (worn)
 c - a +0 buckler (worn)
 h - a +0 cloak (worn)
Jewellery
 f - an amulet of magic regeneration
 l - the ring of Daluixenk (left hand) {rPois rCorr Str+7}
   (You acquired it on level 2 of the Dungeon)

   [ring of poison resistance]

   Str:       It affects your strength (+7).
   rPois:     It protects you from poison.
   rCorr:     It protects you from acid and corrosion.
 t - a ring of positive energy
Scrolls
 i - a scroll of enchant armour {unknown}
 k - 2 scrolls of summoning
 n - 2 scrolls of butterflies
 q - 3 scrolls of identify {unknown}
 r - a scroll of enchant weapon {unknown}
 u - a scroll of magic mapping {unknown}
 v - a scroll of torment {unknown}
Potions
 d - 2 potions of might
 e - a potion of cancellation {unknown}
 g - a potion of flight {unknown}
 j - a potion of haste {unknown}
 m - a potion of degeneration {unknown}
 o - a potion of brilliance {unknown}
 p - 2 potions of curing {unknown}
 s - a potion of mutation {unknown}


   Skills:
 + Level 4.7 Fighting
 + Level 5.1 Axes
 + Level 5.4 Armour
 + Level 1.9 Dodging
 + Level 0.5 Stealth
 + Level 4.3 Shields


You had 5 spell levels left.
You didn't know any spells.
Your spell library contained the following spells:

 Spells                   Type           Power      Damage    Failure   Level
 Apportation              Tloc           0%         N/A       80%         1
 Necrotise                Necr           0%         1d4       80%         1
 Summon Small Mammal      Summ           0%         N/A       80%         1
 Blink                    Tloc           0%         N/A       91%         2
 Manifold Assault         Tloc           0%         N/A       100%        5
 Storm Form               Tmut/Air       0%         N/A       100%        7


Dungeon Overview and Level Annotations

Branches:
Dungeon (4/15)
 Temple: D:4-7

Altars:
Ru

Shops:
D:2 (


Innate Abilities, Weirdness & Mutations

You have a pair of horns on your head.
You reflexively headbutt those who attack you in melee.


Message History

The kobold hits you but does no damage.
You feel drained.
The orc priest hits you but does no damage.
The jackal bites you but does no damage.
The quokka bites you but does no damage.
You hit the orc priest but do no damage.
The orc priest is severely wounded.
You barely miss the jackal. You hit the kobold. You hit the quokka.
You kill the quokka!
The orc priest calls down the wrath of Beogh upon you.
Pain shoots through your body! The kobold hits you but does no damage.
You feel drained. The jackal closely misses you.
The kobold hits you but does no damage.
You feel drained. The orc priest hits you with a +0 whip.
The jackal misses you.
You hit the orc priest. Your headbutt misses the orc priest.
The orc priest is severely wounded.
You closely miss the kobold. You barely miss the jackal.
The jackal closely misses you. The kobold closely misses you.
The orc priest hits you but does no damage.
You barely miss the orc priest.
The orc priest is severely wounded.
You hit the kobold.
You kill the kobold!
You closely miss the jackal.
The jackal bites you but does no damage.
An orc comes into view. It is wielding a +3 mace.
The orc priest invokes the aid of Beogh against you.
Pain shoots through your body!
* * * LOW HITPOINT WARNING * * *
You block the jackal's attack.
You barely miss the orc priest.
The orc priest is severely wounded.
The orc shouts!
You hit the jackal.
You hear a shout!
The jackal barely misses you. The orc priest hits you with a +0 whip.
* * * LOW HITPOINT WARNING * * *
The jackal bites you but does no damage.
The orc priest invokes the aid of Beogh against you.
Pain shoots through your body!
You die...

.( ##.### ##
...... ... .......
....
#....>.<######....
#.................
#..............?..
#........o@h...o..
#........)........
#<.......)........
#.......†.........
#.........?.$...##
#################


You could see an orc priest, an orc and a jackal.

Vanquished Creatures
  Grinder (D:3)
  A scorpion (D:3)
  An iguana (D:3)
  2 adders
  4 dart slugs
  An orc (D:3)
  4 endoplasms
  3 giant cockroaches
  3 goblins (D:1)
  3 hobgoblins (D:2)
  2 jackals (D:1)
  3 quokkas
  5 ball pythons
  8 bats
  2 frilled lizards (D:3)
  5 kobolds
  4 rats
52 creatures vanquished.

Notes
Turn   | Place    | Note
-------+----------+-------------------------------------------
     0 | D:1      | GigaChad the Minotaur Fighter began the quest for the Orb.
     0 | D:1      | Reached XP level 1. HP: 19/19 MP: 0/0
   273 | D:1      | Reached XP level 2. HP: 25/27 MP: 1/1
   304 | D:1      | Found a faded altar of an unknown god.
   629 | D:1      | Found Biudd's Jewellery Shop.
  1313 | D:2      | Found Niacim's Antique Weapon Boutique.
  1549 | D:2      | Reached XP level 3. HP: 33/33 MP: 2/2
  1842 | D:2      | Identified a scroll of acquirement
  1842 | D:2      | Acquired the ring of Daluixenk {rPois rCorr Str+7}
  1882 | D:3      | Noticed a scorpion
  1891 | D:3      | Killed a scorpion
  1892 | D:3      | Reached skill level 1 in Dodging
  1892 | D:3      | Reached XP level 4. HP: 38/41 MP: 3/3
  1899 | D:3      | Reached XP level 5. HP: 37/47 MP: 4/4
  1993 | D:3      | Noticed Grinder
  2000 | D:3      | Paralysed by Grinder for 5 turns
  2005 | D:3      | Killed Grinder
  2006 | D:3      | Reached skill level 5 in Axes
  2006 | D:3      | Reached skill level 5 in Armour
  2006 | D:3      | Reached XP level 6. HP: 14/53 MP: 5/5
  2613 | D:3      | Found a sacrificial altar of Ru.
  2970 | D:4      | Killed from afar by an orc priest

Illustrated notes

Levels and vault maps discovered:
D:1:      lightli_arrival_maybe_door_vault, layout_loops_corners, serial_shops,
          shop, basic_ecumenical_altar
D:2:      layout_basic, serial_shops, nicolae_lakefront_shop
D:3:      layout_loops_ring, nicolae_ru_sacrificial_ziggurat, uniq_grinder
D:4:      cheibrodos_greedy_goblins, layout_basic, kiku_gazebo_garden_becter,
          general_overflow_altar, minmay_temple_entry_proselytizer

Skill      XL: |  1  2  3  4  5 |
---------------+----------------+-----
Armour         | 4 5 |  5.4
Fighting       | 4 |  4.7
Shields        | 4 |  4.3
Axes           | 3 4 5 |  5.1
Dodging        | 1 |  1.9
Stealth        | |  0.5

Action                   |  1- 3 |  4- 6 || total
-------------------------+-------+-------++-------
Melee: War axe           |    52 |    34 ||    86
       Headbutt          |     8 |     6 ||    14
  Use: Scroll            |     6 |       ||     6
Armor: Scale mail        |    57 |    27 ||    84
Dodge: Dodged            |    50 |    33 ||    83
Block: Buckler           |    20 |     7 ||    27
